 Dungeon Crawl Stone Soup version 0.30-a0-1075-gcd70e7a56d (webtiles) character file.

Game seed: 17088168067807062037

5571 Anon1729 the Cleaver (level 10, -6/88 HPs)
             Began as a Minotaur Monk on Apr 14, 2023.
             Was a Follower of Uskayaw.
             Mangled by a troll (10 damage)
             ... on level 8 of the Dungeon.
             The game lasted 00:11:08 (9146 turns).

Anon1729 the Cleaver (Minotaur Monk)                Turns: 9146, Time: 00:11:09

Health: -6/88      AC: 12    Str: 20    XL:     10   Next: 44%
Magic:  6/12       EV: 12    Int:  7    God:    Uskayaw [*.....]
Gold:   480        SH:  0    Dex: 19    Spells: 9/9 levels left

rFire   . . .      SeeInvis .    a - +0 hand axe
rCold   . . .      Faith    .    d - orb {light}
rNeg    . . .      Spirit   .    t - +0 chain mail
rPois   .          Reflect  .    (helmet restricted)
rElec   .          Rampage  .    (no cloak)
rCorr   +                        h - +0 pair of gloves
Will    .....                    (no boots)
Stlth   +                        (no amulet)
HPRegen 0.34/turn                i - ring of resist corrosion
MPRegen 0.13/turn                G - +6 ring of dexterity

@: glowing
A: horns 2, retaliatory headbutt
a: Renounce Religion, Stomp


You were on level 8 of the Dungeon.
You worshipped Uskayaw.
Uskayaw was noncommittal.
You visited 2 branches of the dungeon, and saw 10 of its levels.

You collected 480 gold pieces.

Inventory:

Hand Weapons
 a - a +0 hand axe (weapon)
Missiles
 r - a throwing net (quivered)
Armour
 b - a +0 robe
 d - an orb of light (worn)
 h - a +0 pair of gloves (worn)
 t - a +0 chain mail (worn)
Magical Staves
 J - the staff of cold "Fatsymemnu" {rF+ rC+}
   (You found it on level 9 of the Dungeon)

   [staff of cold]

   Base accuracy: +5 Base damage: 5 Base attack delay: 1.2 This weapon's minimum
   attack delay (0.6) is reached at skill level 12.
   rF:        It protects you from fire.
   rC:        It protects you from cold.
   It falls into the 'Staves' category.
   It is a one-handed weapon.
Jewellery
 i - a ring of resist corrosion (left hand)
 G - a +6 ring of dexterity (right hand)
Wands
 p - a wand of acid (7)
 F - a wand of roots (25)
 H - a wand of digging (6)
Scrolls
 f - 3 scrolls of enchant weapon
 g - a scroll of enchant armour
 j - 2 scrolls of teleportation {unknown}
 m - 3 scrolls of poison
 q - 3 scrolls of magic mapping {unknown}
 u - 2 scrolls of vulnerability {unknown}
 v - a scroll of noise {unknown}
 w - a scroll of fear {unknown}
 y - a scroll of torment {unknown}
 z - a scroll of blinking {unknown}
 A - a scroll of fog {unknown}
 I - a scroll of amnesia {unknown}
Potions
 c - 3 potions of ambrosia
 e - 3 potions of attraction
 k - 2 potions of flight {unknown}
 l - 4 potions of brilliance {unknown}
 n - 3 potions of might
 o - 2 potions of lignification {unknown}
 s - 2 potions of curing
 x - a potion of cancellation {unknown}
 B - 2 potions of degeneration {unknown}
 C - a potion of haste {unknown}
 D - a potion of experience {unknown}
 E - 3 potions of mutation {unknown}


   Skills:
 + Level 7.8 Fighting
 * Level 10.2 Axes
 * Level 9.3 Armour
 + Level 7.1 Dodging
 + Level 5.2 Stealth
 * Level 4.7 Invocations


You had 9 spell levels left.
You didn't know any spells.
Your spell library contained the following spells:

 Spells                   Type           Power      Damage    Failure   Level
 Sting                    Tmut/Pois      0%         1d3       95%         1
 Poisonous Vapours        Pois/Air       0%         N/A       99%         2
 Anguish                  Hex/Necr       0%         N/A       100%        4
 Cause Fear               Hex            0%         N/A       100%        4
 Olgreb's Toxic Radiance  Pois           0%         N/A       100%        4
 Enfeeble                 Hex            0%         N/A       100%        7


Dungeon Overview and Level Annotations

Branches:
Dungeon (9/15)             Temple (1/1) D:6             Orc (0/2) D:9
   Lair: D:8-11

Altars:
Ashenzari
Cheibriados
Dithmenos
Elyvilon
Fedhas
Gozag
Hepliaklqana
Kikubaaqudgha
Makhleb
Nemelex Xobeh
Okawaru
Qazlal
Ru
Sif Muna
Trog
Uskayaw
Vehumet
Wu Jian
Xom
Yredelemnul
Zin
The Shining One

Shops:
D:1 [:(

Annotations:
D:4 1 runed translucent door, kae's ghost, amateur DsTm
D:8 Gastronok


Innate Abilities, Weirdness & Mutations

You have a pair of horns on your head.
You reflexively headbutt those who attack you in melee.


Message History

The orc warrior barely misses you. You furiously retaliate!
You headbutt the orc warrior.
You can now pass through a line of other dancers.
You hit the orc warrior.
You kill the orc warrior!
Aiming: Line Pass
Press: ? - help, Dir - move target The troll appears confused.
You can no longer pass through a line of other dancers.
The troll bites you!
* * * LOW HITPOINT WARNING * * *
The troll claws you!
* * * LOW HITPOINT WARNING * * *
The troll closely misses you.
You catch the helpless troll completely off-guard!
You hit the troll but do no damage. The troll misses you.
The troll barely misses you. The troll closely misses you.
Okay, then.
The troll seems less confused.
You feel better. The troll bites you but does no damage.
The troll barely misses you. The troll claws you but does no damage.
You feel better. The troll bites you!
* * * LOW HITPOINT WARNING * * *
The troll closely misses you. The troll claws you.
* * * LOW HITPOINT WARNING * * *
You feel better. The troll bites you.
* * * LOW HITPOINT WARNING * * *
The troll claws you but does no damage. The troll barely misses you.
You feel better. The troll closely misses you. The troll misses you.
The troll claws you.
* * * LOW HITPOINT WARNING * * *
Aiming: Fastroot
Press: ? - help, Shift-Dir - straight line, f - troll
Aim: a troll (haloed)
The roots erupt in riotous growth!
Roots grab the troll.
The grasping roots constrict the troll.
The troll bites you!
* * * LOW HITPOINT WARNING * * *
The troll claws you!
You die...

##############...###### #.##
#.....................#######.##
#.############...###............
#.# ##### #..#######.#. #.# #..#
#.#. #.# #..# #.#. #.# ######..#
#.#. #.# #.T).)..# #.#. #.#
#########@#####.#######.#. #.#
#.........#...............
##.#####.........#...#.#.###.....
#......'........>).....#.# #.....
########.........#.#...#.# #.....
#.................# #.#.##
#.............#...# #.#.#
#.............#...# #.#.#
#.............#...###.#.#


You could see a troll (rooted).

Vanquished Creatures
  A troll (D:9)
  Grinder (D:4)
  Sigmund (D:4)
  A wyvern (D:9)
  3 yaks (D:9)
  Grum (D:8)
  3 steam dragons
  Menkaure (D:4)
  2 water moccasins (D:9)
  Duvessa (D:4)
  2 black bears
  2 ice beasts
  3 orc warriors
  A sky beast (D:7)
  4 wolves (D:8)
  5 ogres
  2 centaurs
  2 kobold brigands (D:9)
  2 gnoll sergeants
  3 scorpions
  5 wights (D:9)
  Dowan (D:4)
  10 killer bees
  2 howler monkeys
  An electric eel (D:8)
  A hound (D:5)
  An orc priest (D:7)
  2 iguanas
  2 sleepcaps (D:6)
  5 orc wizards
  4 gnolls (D:6)
  9 adders
  An ufetubus (D:5)
  3 worms
  27 orcs
  5 bats
  13 endoplasms
  6 giant cockroaches
  5 goblins
  9 hobgoblins
  6 jackals
  3 quokkas
  9 ball pythons
  2 frilled lizards
  9 kobolds
  4 rats
186 creatures vanquished.

Vanquished Creatures (others)
  2 demonic plants (D:3)
  2 withered plants (D:4)
4 creatures vanquished.

Grand Total: 190 creatures vanquished

Notes
Turn   | Place    | Note
-------+----------+-------------------------------------------
     0 | D:1      | Anon1729 the Minotaur Monk began the quest for the Orb.
     0 | D:1      | Reached XP level 1. HP: 19/19 MP: 0/0
   216 | D:1      | Found Jont's Book Emporium.
   221 | D:1      | Reached XP level 2. HP: 27/27 MP: 1/1
   263 | D:1      | Found Veesime's Antique Armour Boutique.
   321 | D:1      | Reached skill level 4 in Axes
   422 | D:1      | Found Suytsyel's Antique Weapon Emporium.
   438 | D:1      | Reached skill level 1 in Armour
   501 | D:1      | Reached XP level 3. HP: 32/33 MP: 2/2
   985 | D:2      | Reached XP level 4. HP: 40/40 MP: 3/3
  1595 | D:3      | Found a radiant altar of Vehumet.
  2102 | D:3      | Found a faded altar of an unknown god.
  2102 | D:3      | Noticed a chaos spawn
  2203 | D:3      | Reached XP level 5. HP: 46/46 MP: 4/4
  2519 | D:4      | Noticed Sigmund
  2526 | D:4      | Killed Sigmund
  2527 | D:4      | Reached skill level 5 in Axes
  2527 | D:4      | Reached XP level 6. HP: 41/53 MP: 5/5
  2708 | D:4      | Found a runed translucent door.
  2708 | D:4      | Noticed kae's ghost (amateur DsTm)
  2758 | D:4      | Noticed Menkaure
  2770 | D:4      | HP: 1/53 [Menkaure (8)]
  2773 | D:4      | Killed Menkaure
  2774 | D:4      | Reached skill level 5 in Fighting
  2774 | D:4      | Reached skill level 6 in Axes
  3074 | D:4      | Reached XP level 7. HP: 61/61 MP: 6/6
  3368 | D:4      | Noticed Duvessa
  3369 | D:4      | Noticed Dowan
  3390 | D:4      | Killed Duvessa
  3395 | D:4      | Killed Dowan
  3603 | D:4      | Noticed Grinder
  3607 | D:4      | Reached skill level 5 in Armour
  3607 | D:4      | Reached skill level 5 in Dodging
  3611 | D:4      | Paralysed by Grinder for 2 turns
  3615 | D:4      | Killed Grinder
  3616 | D:4      | Reached skill level 7 in Axes
  3818 | D:5      | Entered Level 5 of the Dungeon
  3824 | D:5      | Reached XP level 8. HP: 69/69 MP: 7/7
  4955 | D:6      | HP: 2/70 [centaur/arrow (7)]
  5181 | D:6      | Reached skill level 8 in Axes
  5506 | D:6      | Found a staircase to the Ecumenical Temple.
  5516 | Temple   | Entered the Ecumenical Temple
  5615 | Temple   | Became a worshipper of Uskayaw the Reveller
  5615 | Temple   | Reached * piety under Uskayaw
  6001 | D:7      | Reached ** piety under Uskayaw
  6003 | D:7      | Reached XP level 9. HP: 68/78 MP: 8/8
  6091 | D:7      | Reached *** piety under Uskayaw
  6092 | D:7      | Reached **** piety under Uskayaw
  6094 | D:7      | Reached skill level 1 in Invocations
  6832 | D:8      | Noticed Grum
  6843 | D:8      | Reached skill level 9 in Axes
  6848 | D:8      | Reached ***** piety under Uskayaw
  6853 | D:8      | Killed Grum
  7089 | D:8      | Found a shadowy altar of Dithmenos.
  7092 | D:8      | Found an ornate altar of the Wu Jian Council.
  7452 | D:8      | Noticed Gastronok
  7789 | D:9      | Reached XP level 10. HP: 55/86 MP: 11/11
  7802 | D:9      | Reached skill level 5 in Stealth
  8017 | D:9      | Identified the staff of cold "Fatsymemnu" {rF+ rC+}
  8136 | D:9      | Found an iron altar of Okawaru.
  8407 | D:9      | Reached skill level 10 in Axes
  8888 | D:9      | Found a staircase to the Orcish Mines.
  9146 | D:8      | HP: 4/88 [troll (14)]
  9146 | D:8      | Mangled by a troll

Illustrated notes

Levels and vault maps discovered:
D:1:      eino_arrival_tree_alley, layout_loops_cross, serial_shops,
          nicolae_shop_hallway_stairs, shop, shop, chequers_avenue
D:2:      layout_rooms, minivault_25, ebering_dispersal_statue_hall
D:3:      minmay_diamond_boxcup, layout_basic, mainiacjoe_overflow_paths,
          dreamdust_ecumenical_altar_sealed_demon, columned_hall_lemuel,
          minivault_25
D:4:      layout_loops_corners, gammafunk_ghost_grave, uniq_menkaure,
          uniq_duvessa, uniq_sigmund, uniq_grinder
D:5:      layout_loops_cross, st_stairs_12
D:6:      layout_loops_ring, minmay_temple_entry_grid
D:7:      black_bear_nest_2, layout_basic
D:8:      layout_basic, nicolae_overflow_squiral, uniq_grum, uniq_gastronok
D:9:      layout_roguey, lemuel_round_altar,
          kennysheep_orc_monster_closet_entryway
Temple:   hc_temple_tempest_star

Skill      XL: |  1  2  3  4  5  6  7  8  9 10 |
---------------+-------------------------------+-----
Axes           | 4 5 6 7 8 9 10 | 10.2
Armour         | 1 2 3 4 5 7 8 9 |  9.3
Fighting       | 4 5 6 7 |  7.8
Stealth        | 2 3 4 5 |  5.2
Dodging        | 4 5 6 7 |  7.1
Invocations    | 3 4 |  4.7

Action                     |  1- 3 |  4- 6 |  7- 9 | 10-12 || total
---------------------------+-------+-------+-------+-------++-------
  Melee: Hand axe          |    55 |   101 |   271 |    83 ||   510
         Headbutt          |    11 |    22 |    85 |    30 ||   148
         Staff             |       |       |       |     8 ||     8
 Invoke: Line Pass         |       |       |       |     4 ||     4
  Evoke: Wand              |       |       |     2 |     1 ||     3
    Use: Scroll            |       |       |     5 |       ||     5
         Potion            |       |       |       |     4 ||     4
   Stab: Sleeping          |       |     2 |       |       ||     2
         Paralysed         |       |       |    11 |     6 ||    17
         Confused          |       |       |       |     2 ||     2
 Armour: Robe              |    16 |     4 |       |       ||    20
         Chain mail        |       |     9 |   147 |    35 ||   191
  Dodge: Dodged            |    29 |    50 |   143 |    61 ||   283

Table legend: (Time is in decaauts)
 A = Elapsed time spent in this place.
 B = Non-inter-level travel time spent in this place.
 C = Inter-level travel time spent in this place.
 D = Time resting spent in this place.
 E = Time spent auto-exploring this place.
 F = Levels seen in this place.
 G = Mean time per level.
                   A        B        C        D        E       F      G
               +--------+--------+--------+--------+--------+-----+--------+
         Total |   9114 |   8755 |    359 |   1232 |   6310 |  10 |  911.4 |
       Dungeon |   9002 |   8656 |    346 |   1232 |   6232 |   9 | 1000.2 |
        Temple |    111 |     99 |     12 |      0 |     78 |   1 |  111.0 |
               +--------+--------+--------+--------+--------+-----+--------+

Top non-repeatable levels by time:
     D:9: 1456 daAuts
     D:4: 1318 daAuts
     D:5: 1077 daAuts
     D:8: 996 daAuts
     D:6: 985 daAuts
     D:3: 969 daAuts
     D:1: 787 daAuts
     D:2: 752 daAuts
     D:7: 658 daAuts
  Temple: 111 daAuts
